 Dungeon Crawl Stone Soup version 0.24-a0-244-ga6a6ab7 (webtiles) character file.

Game seed: 17234655181300596199

1303 Gibber the Skirmisher (level 8, -3/130 HPs)
             Began as an Ogre Berserker on Apr 10, 2019.
             Was a Priest of Trog.
             Slain by an orc
             ... wielding a +0 whip
              (7 damage)
             ... on level 6 of the Dungeon.
             The game lasted 00:14:17 (5726 turns).

Gibber the Skirmisher (Ogre Berserker)              Turns: 5726, Time: 00:14:17

Health: -3/130     AC:  4    Str: 30    XL:     8   Next: 57%
Magic:  8/8        EV: 12    Int:  8    God:    Trog [***...]
Gold:   126        SH:  0    Dex: 10    Spells: 7/7 levels left

rFire    . . .     SeeInvis .   b - +0 dagger (venom)
rCold    . . .     Gourm    .   (no shield)
rNeg     . . .     Faith    .   n - +0 animal skin
rPois    +         Spirit   .   (helmet restricted)
rElec    .         Reflect  .   i - +0 cloak
rCorr    .         Harm     .   (gloves unavailable)
MR       ++...                  (boots unavailable)
Stlth    ..........             (no amulet)
HPRegen  1.31/turn              e - ring of poison resistance
MPRegen  0.11/turn              p - +3 ring of strength

@: berserking, lethally poisoned (-3 -> -3), regenerating, very quick
A: large, unfitting armour, tough skin 1
a: Berserk, Trog's Hand, Renounce Religion


You were on level 6 of the Dungeon.
You worshipped Trog.
Trog was most pleased with you.
You were not hungry.

You visited 1 branch of the dungeon, and saw 6 of its levels.

You collected 126 gold pieces.

Inventory:

Hand Weapons
 a - a +0 hand axe
 b - a +0 dagger of venom (weapon)
 v - a cursed -3 dagger
Missiles
 d - 194 stones
 l - 7 javelins of returning (quivered)
Armour
 i - a +0 cloak (worn)
 n - a +0 animal skin (worn)
Jewellery
 e - a ring of poison resistance (left hand)
 p - a +3 ring of strength (right hand)
 r - an uncursed ring of ice
 z - an uncursed amulet of regeneration {unknown}
Scrolls
 h - a scroll of fear
 j - a scroll of magic mapping
 s - a scroll of blinking
 w - a scroll of identify
 x - a scroll of fog {unknown}
 y - a scroll of amnesia {unknown}
 A - a scroll of remove curse
Potions
 f - 2 potions of ambrosia
 g - a potion of might
 k - a potion of lignification
 m - 2 potions of agility
 o - 3 potions of curing
 q - a potion of brilliance {unknown}
 t - a potion of flight
 u - a potion of resistance
Comestibles
 c - 7 rations


   Skills:
 + Level 7.2 Fighting
 - Level 0.5 Short Blades
 + Level 5.9 Axes
 * Level 4.3 Throwing
 + Level 5.7 Dodging
 - Level 0.6 Stealth


You had 7 spell levels left.
You didn't know any spells.
Your spell library was empty.

Dungeon Overview and Level Annotations

Branches:
Dungeon (6/15)
 Temple: D:4-7

Altars:
Kikubaaqudgha
Nemelex Xobeh
Uskayaw
Wu Jian

Shops:
D:4 (}%*

Annotations:
D:3 1 runed translucent door, tilp's ghost, amateur GnWr
D:4 1 runed translucent door, exclusion: downstairs, Crazy Yiuf


Innate Abilities, Weirdness & Mutations

You are too large for most types of armour.
You have tough skin. (AC +1)


Message History

Your skin crawls.
You feel resistant to hostile enchantments.
You are near starving!
You feel sick. The orc hits you with a +0 war axe.
* * * LOW HITPOINT WARNING * * *
The orc hits you with a +0 whip.
* * * LOW HITPOINT WARNING * * *
You're too hungry.
You eat one of the 8 rations.
That ration really hit the spot!
You feel sick. The orc misses you. The orc barely misses you.
A red film seems to cover your vision as you go berserk!
You feel yourself moving faster!
You feel mighty!
You feel quite a bit more hungry.
You feel sick. The orc hits you with a +0 whip.
* * * LOW HITPOINT WARNING * * *
The orc closely misses you.
You hit the orc.
The orc is poisoned.
The orc is almost dead.
You feel sick. The orc hits you with a +0 whip!
You die...

...............#
....#..........#
...............#
...#...........#
.. #...........#
# #...........#
####..#'########
#.......#
#[###.)@# ##oo#
#..# #..# #..#
...# ##># #.#


You could see 2 orcs.

Vanquished Creatures
  Menkaure (D:5)
  A phantom (D:5)
  2 sky beasts (D:6)
  2 ogres (D:5)
  A bullfrog (D:5)
  A scorpion (D:5)
  A howler monkey (D:3)
  A centaur skeleton (D:4)
  An orc priest (D:4)
  2 hounds
  An iguana (D:5)
  7 orc wizards
  5 worker ants
  3 gnolls
  A howler monkey skeleton (D:5)
  An adder (D:2)
  2 oozes
  3 worms
  2 dart slugs
  A leopard gecko (D:2)
  8 orcs
  5 bats
  2 giant cockroaches
  6 goblins
  7 hobgoblins
  6 jackals
  2 quokkas
  2 ball pythons
  3 frilled lizards
  A jackal zombie (D:5)
  10 kobolds
  A leopard gecko skeleton (D:4)
  A quokka skeleton (D:4)
  A quokka zombie (D:6)
  6 rats
100 creatures vanquished.

Notes
Turn   | Place    | Note
-------+----------+-------------------------------------------
     0 | D:1      | Gibber the Ogre Berserker began the quest for the Orb.
     0 | D:1      | Reached XP level 1. HP: 24/24 MP: 1/1
   207 | D:1      | Reached XP level 2. HP: 19/32 MP: 2/2
   944 | D:2      | Reached XP level 3. HP: 6/40 MP: 3/3
  1799 | D:2      | Found an ancient bone altar of Kikubaaqudgha.
  2022 | D:3      | Reached XP level 4. HP: 32/49 MP: 4/4
  2025 | D:2      | Reached skill level 1 in Throwing
  2193 | D:3      | Reached XP level 5. HP: 48/55 MP: 5/5
  2202 | D:3      | Reached ** piety under Trog
  2506 | D:3      | Found a runed translucent door.
  2506 | D:3      | Noticed tilp's ghost (amateur GnWr)
  2579 | D:3      | Found an ornate altar of the Wu Jian Council.
  2758 | D:3      | Found a hide-covered altar of Uskayaw.
  2837 | D:4      | You fall through a shaft!
  2837 | D:5      | Entered Level 5 of the Dungeon
  2858 | D:5      | Reached skill level 5 in Fighting
  2864 | D:5      | Found a sparkling altar of Nemelex Xobeh.
  2865 | D:5      | Noticed an ogre
  2874 | D:5      | Noticed a phantom
  2878 | D:5      | Reached XP level 6. HP: 66/66 MP: 6/6
  2961 | D:5      | Killed a phantom
  2961 | D:5      | Reached XP level 7. HP: 65/74 MP: 7/7
  3183 | D:4      | Found Fuetega's Gadget Shoppe.
  3413 | D:4      | Found Gurrekal's Antique Weapon Boutique.
  3478 | D:4      | Found Zohorch's Food Emporium.
  3510 | D:4      | Reached skill level 6 in Fighting
  3640 | D:4      | Found Roogidwa's General Store.
  3810 | D:4      | Found a runed translucent door.
  3811 | D:4      | Noticed Crazy Yiuf
  4369 | D:5      | Reached skill level 5 in Axes
  4369 | D:5      | Reached skill level 5 in Dodging
  4396 | D:5      | Reached *** piety under Trog
  4423 | D:5      | Noticed Menkaure
  4853 | D:5      | Reached XP level 8. HP: 84/84 MP: 8/8
  4861 | D:5      | Killed Menkaure
  5303 | D:6      | Reached skill level 7 in Fighting
  5725 | D:6      | HP: 4/130 [orc/+0 whip (5)]
  5726 | D:6      | Slain by an orc

Levels and vault maps discovered:
D:1:      minmay_arrival_shattered_statue, layout_loops_ring
D:2:      layout_basic, old_standard_altar
D:3:      layout_rooms, overflow_temple_1_default, lemuel_round_altar,
          hellmonk_ghost_happy_afterlife
D:4:      layout_basic, serial_shops, kennysheep_mini,
          nicolae_shop_temple_entry_statues_fountains, shop, shop, first_ration,
          chequers_serial_rivers_small_3, minmay_misc_feat_columns,
          uniq_crazy_yiuf_cottage
D:5:      layout_basic, nemelex_xobeh_ov_fountains_minmay, uniq_menkaure
D:6:      layout_basic, gammafunk_temple_overflow_statue

Skill      XL: |  1  2  3  4  5  6  7  8 |
---------------+-------------------------+-----
Dodging        | 3 4 5 |  5.7
Throwing       | 1 2 3 4 |  4.3
Axes           | 4 5 |  5.9
Fighting       | 5 6 7 |  7.2
Short Blades   | |  0.5
Stealth        | |  0.6

Action                   |  1- 3 |  4- 6 |  7- 9 || total
-------------------------+-------+-------+-------++-------
Melee: Hand axe          |   106 |    30 |    34 ||   170
       Dagger            |     7 |   130 |   123 ||   260
Throw: Stone             |    40 |       |       ||    40
       Javelin           |       |       |     3 ||     3
Invok: Berserk           |     1 |     2 |     3 ||     6
       Trog's Hand       |       |     1 |     3 ||     4
  Use: Potion            |       |     2 |     1 ||     3
       Scroll            |       |       |    11 ||    11
  Eat: Chunk             |     4 |     6 |     3 ||    13
       Ration            |       |       |     3 ||     3
Armor: Animal skin       |    35 |    54 |    45 ||   134
       Skin              |       |    20 |       ||    20
Dodge: Dodged            |    50 |   150 |    81 ||   281

Table legend:
 A = Non-vault XP
 B = Vault XP
 C = Vault XP percentage of total XP
 D = Non-vault monster count
 E = Vault monster count
 F = Vault count percentage of total count
                 A         B        C        D         E       F
            +---------+---------+-------+---------+---------+-------
      Total |    1690 |     172 |   9.2 |      99 |       1 |   1.0
            +---------+---------+-------+---------+---------+-------
        D:1 |      26 |       0 |   0.0 |      14 |       0 |   0.0
        D:2 |      72 |       0 |   0.0 |      22 |       0 |   0.0
        D:3 |     131 |       0 |   0.0 |      23 |       0 |   0.0
        D:4 |     273 |       0 |   0.0 |      11 |       0 |   0.0
        D:5 |     892 |     172 |  16.2 |      24 |       1 |   4.0
        D:6 |     296 |       0 |   0.0 |       5 |       0 |   0.0
            +---------+---------+-------+---------+---------+-------
